 Dungeon Crawl Stone Soup version 0.19.5 (webtiles) character file.

653 devil0150 the Magician (level 7, -5/41 HPs)
             Began as a High Elf Wizard on Apr 14, 2017.
             Killed from afar by DrClinical's ghost (19 damage)
             ... with a flame tongue
             ... on level 5 of the Dungeon.
             The game lasted 00:24:25 (6551 turns).

devil0150 the Magician (High Elf Wizard)            Turns: 6551, Time: 00:24:26

Health: -5/41      AC:  3    Str:  6    XL:     7   Next: 28%
Magic:  3/18       EV: 13    Int: 23    God:
Gold:   186        SH:  0    Dex: 17    Spells: 8 memorised, 4 levels left

rFire  . . .     SeeInvis .     x - +0 dagger
rCold  . . .     Gourm    +     a - +0 robe
rNeg   . . .     Faith    .     (no shield)
rPois  .         Spirit   .     b - +0 hat
rElec  .         Reflect  .     (no cloak)
rCorr  .         Harm     .     (no gloves)
MR     .....                    p - +0 pair of boots
Stlth  ++........               n - amulet of the gourmand
                                (no ring)
                                h - +2 ring of dexterity

@: no status effects
A: no striking features
a: no special abilities


You were on level 5 of the Dungeon.
You were completely stuffed.

You visited 1 branch of the dungeon, and saw 5 of its levels.

You collected 186 gold pieces.

Inventory:

Hand Weapons
 x - a +0 dagger (weapon)
Armour
 a - a +0 robe (worn)
 b - a +0 hat (worn)
 p - a +0 pair of boots (worn)
Jewellery
 h - a +2 ring of dexterity (left hand)
 n - an amulet of the gourmand (around neck)
Scrolls
 f - a scroll of fog
 q - a scroll of recharging
 w - a scroll of remove curse
Potions
 e - 4 potions of lignification
 g - 3 potions of might
 i - a potion of flight
 k - a potion of heal wounds
 l - a potion of brilliance {unknown}
 o - a potion of haste {unknown}
 s - a potion of mutation {unknown}
 v - a potion of curing {unknown}
Books
 c - a book of Minor Magic

   Spells                             Type                      Level
   a - Magic Dart                     Conjuration                  1
   b - Blink                          Translocation                2
   c - Call Imp                       Summoning                    2
   d - Repel Missiles                 Charms/Air                   2
   e - Slow                           Hexes                        2
   f - Conjure Flame                  Conjuration/Fire             3
   g - Mephitic Cloud                 Conjuration/Poison/Air       3
 y - a book of Necromancy

   Spells                             Type                      Level
   a - Pain                           Necromancy                   1
   b - Animate Skeleton               Necromancy                   1
   c - Vampiric Draining              Necromancy                   3
   d - Regeneration                   Charms/Necromancy            3
   e - Animate Dead                   Necromancy                   4
   f - Control Undead                 Necromancy                   4
Comestibles
 d - 3 bread rations
 m - 4 fruits
 r - a beef jerky
 u - a slice of pizza
 z - 2 meat rations
 A - a chunk of flesh


   Skills:
 + Level 0.2 Fighting
 + Level 3.1 Dodging
 + Level 3.2 Stealth
 + Level 7.2 Spellcasting
 + Level 4.9 Conjurations
 + Level 1.0 Summonings
 + Level 0.7 Necromancy
 + Level 1.1 Translocations
 + Level 0.2 Air Magic


You had 4 spell levels left.
You knew the following spells:

 Your Spells              Type           Power        Failure   Level  Hunger
a - Magic Dart            Conj           ####         1%          1    None
b - Mephitic Cloud        Conj/Pois/Air  ###.....     12%         3    None
c - Call Imp              Summ           ##......     10%         2    None
d - Blink                 Tloc           N/A          10%         2    None
e - Conjure Flame         Conj/Fire      ###.....     10%         3    None
f - Animate Skeleton      Necr           N/A          6%          1    None
g - Pain                  Necr           ##..         6%          1    None
h - Vampiric Draining     Necr           ##........   17%         3    None


Dungeon Overview and Level Annotations

Branches:
Dungeon (5/15)
 Temple: D:4-7

Altars:
Cheibriados
Uskayaw
Xom
Zin

Annotations:
D:5 DrClinical's ghost, novice HOFE


Message History

DrClinical's ghost casts a spell at you.
The flame tongue hits you!
Casting: Magic Dart
Confirm with . or Enter, or press ? or * to list all spells.
Aiming: Magic Dart
Press: ? - help, Shift-Dir - straight line, f/p - DrClinical's ghost
Aim: DrClinical's ghost (almost destroyed)
The magic dart hits DrClinical's ghost.
DrClinical's ghost is almost destroyed.
DrClinical's ghost hits you!
Casting: Magic Dart
Confirm with . or Enter, or press ? or * to list all spells.
Aiming: Magic Dart
Press: ? - help, Shift-Dir - straight line, f/p - DrClinical's ghost
Aim: DrClinical's ghost (almost destroyed)
The magic dart hits DrClinical's ghost.
DrClinical's ghost is almost destroyed.
DrClinical's ghost gestures at you while chanting.
The flame tongue hits you!
You die...

#######
##...#.##
##........
##......#
#.......#...
##...@....#
##....W....#
#..........#
######
#..........#
#....###
#..........#
.......#
#..........#
.......#
##.........#
.......#
##.#......#
.......#
##.#####...#


You could see DrClinical's ghost.

Vanquished Creatures
  A wyvern (D:5)
  A phantom (D:5)
  A scorpion (D:4)
  A hound (D:5)
  An orc priest (D:3)
  3 orc wizards
  A worker ant (D:4)
  6 adders
  An ooze (D:1)
  6 worms
  2 dart slugs (D:2)
  3 leopard geckos
  8 orcs
  9 giant cockroaches
  5 goblins
  6 hobgoblins
  14 jackals
  A quokka (D:2)
  A ball python (D:3)
  13 bats
  8 frilled lizards
  A jackal skeleton (D:4)
  10 kobolds
  A leopard gecko skeleton (D:4)
  5 rats
109 creatures vanquished.

Vanquished Creatures (collateral kills)
  A hound (D:4)
  2 jackals
3 creatures vanquished.

Grand Total: 112 creatures vanquished

Notes
Turn   | Place    | Note
-------+----------+-------------------------------------------
     0 | D:1      | devil0150 the High Elf Wizard began the quest for the Orb.
     0 | D:1      | Reached XP level 1. HP: 11/11 MP: 6/6
   663 | D:1      | Reached XP level 2. HP: 17/17 MP: 0/7
   813 | D:1      | Reached skill level 4 in Spellcasting
  1413 | D:1      | Reached XP level 3. HP: 21/21 MP: 0/9
  2466 | D:2      | Reached XP level 4. HP: 22/27 MP: 6/11
  2913 | D:3      | Found a shimmering altar of Xom.
  3147 | D:3      | Reached skill level 5 in Spellcasting
  3562 | D:3      | Learned a level 3 spell: Mephitic Cloud
  3565 | D:3      | Learned a level 2 spell: Call Imp
  3568 | D:3      | Learned a level 2 spell: Blink
  3572 | D:3      | Learned a level 3 spell: Conjure Flame
  3588 | D:3      | Reached XP level 5. HP: 21/31 MP: 1/13
  4641 | D:4      | Found a glowing silver altar of Zin.
  4648 | D:4      | Found a snail-covered altar of Cheibriados.
  4663 | D:4      | Found a hide-covered altar of Uskayaw.
  4777 | D:4      | Reached XP level 6. HP: 34/36 MP: 4/15
  4923 | D:4      | Reached skill level 6 in Spellcasting
  5303 | D:4      | Learned a level 1 spell: Animate Skeleton
  5305 | D:4      | Learned a level 1 spell: Pain
  5309 | D:4      | Learned a level 3 spell: Vampiric Draining
  5454 | D:4      | Reached skill level 1 in Summonings
  6034 | D:5      | Entered Level 5 of the Dungeon
  6211 | D:5      | Noticed a wyvern
  6341 | D:5      | Killed a wyvern
  6341 | D:5      | Reached skill level 7 in Spellcasting
  6341 | D:5      | Reached XP level 7. HP: 23/41 MP: 2/18
  6496 | D:5      | Noticed DrClinical's ghost (novice HOFE)
  6551 | D:5      | Killed from afar by DrClinical's ghost

Skill      XL: |  1  2  3  4  5  6 |
---------------+-------------------+-----
Spellcasting   | 4 5 7 |  7.2
Conjurations   | 2 3 4 |  4.9
Stealth        | 3 |  3.2
Summonings     | 1 |  1.0
Dodging        | 3 |  3.1
Fighting       | |  0.2
Necromancy     | |  0.7
Translocations | |  1.1
Air Magic      | |  0.2

Action                   |  1- 3 |  4- 6 |  7- 9 || total
-------------------------+-------+-------+-------++-------
Melee: Unarmed           |       |    10 |       ||    10
 Cast: Magic Dart        |   131 |   206 |    12 ||   349
       Mephitic Cloud    |       |     3 |       ||     3
       Call Imp          |       |     6 |     1 ||     7
       Pain              |       |    12 |       ||    12
       Blink             |       |     1 |     2 ||     3
       Conjure Flame     |       |     1 |     1 ||     2
  Use: Scroll            |     8 |    10 |       ||    18
       Potion            |       |       |     1 ||     1
 Stab: Sleeping          |       |     1 |       ||     1
  Eat: Chunk             |     4 |    26 |     1 ||    31
Armor: Robe              |     6 |    14 |     1 ||    21
Dodge: Dodged            |    20 |    76 |     3 ||    99
